 Dungeon Crawl Stone Soup version 0.28-a0-1555-g9ae15a6949 (webtiles) character file.

Game seed: 11108288095750663567

13650 voltaire321 the Nimble (level 11, -12/67 HPs)
             Began as a Deep Elf Earth Elementalist on Jan 18, 2022.
             Was a Believer of Vehumet.
             Mangled by an ettin (19 damage)
             ... on level 9 of the Dungeon.
             The game lasted 00:36:34 (9534 turns).

voltaire321 the Nimble (DEEE)                       Turns: 9534, Time: 00:36:34

Health: -12/67     AC: 13    Str:  5    XL:     11   Next: 78%
Magic:  29/35      EV: 17    Int: 25    God:    Vehumet [**....]
Gold:   329        SH:  0    Dex: 21    Spells: 21/29 levels left

rFire   . . .      SeeInvis .   l - staff of earth
rCold   . . .      Faith    .   (no shield)
rNeg    . . .      Spirit   .   x - +0 acid dragon scales
rPois   .          Reflect  .   (no helmet)
rElec   .          Harm     .   n - +2 cloak
rCorr   +          Rampage  .   (no gloves)
Will    +....                   b - +2 pair of boots
Stlth   ++........              p - amulet of magic regeneration
HPRegen 0.21/turn               o - ring of magical power
MPRegen 0.64/turn               D - +6 ring of dexterity

@: no status effects
A: no striking features
a: Renounce Religion


You were on level 9 of the Dungeon.
You worshipped Vehumet.
Vehumet was pleased with you.
You visited 2 branches of the dungeon, and saw 10 of its levels.

You collected 394 gold pieces.
You spent 65 gold pieces at shops.

Inventory:

Missiles
 c - 231 stones
 i - a curare-tipped dart
Armour
 b - a +2 pair of boots (worn)
 n - a +2 cloak (worn)
 s - a +1 leather armour of fire resistance
 x - +0 acid dragon scales (worn)
Magical Staves
 l - a staff of earth (weapon)
Jewellery
 o - a ring of magical power (left hand)
 p - an amulet of magic regeneration (around neck)
 D - a +6 ring of dexterity (right hand)
 H - a ring of resist corrosion
Wands
 f - a wand of mindburst (6)
 k - a wand of iceblast (14)
 u - a wand of flame (16)
 w - a wand of polymorph (7)
 B - a wand of acid (7)
 I - a wand of digging (6)
Scrolls
 a - 7 scrolls of fog
 d - a scroll of amnesia
 e - 3 scrolls of teleportation
 h - a scroll of vulnerability
 m - a scroll of identify
 F - a scroll of magic mapping
Potions
 g - a potion of lignification
 j - 3 potions of might
 q - a potion of haste
 r - a potion of heal wounds
 t - a potion of invisibility
 v - a potion of cancellation
 z - 2 potions of curing
 A - a potion of brilliance
 C - a potion of mutation
 G - a potion of berserk rage


   Skills:
 + Level 7.0 Fighting
 - Level 0.6 Crossbows
 + Level 4.3 Armour
 + Level 10.4 Dodging
 - Level 2.4 Stealth
 + Level 9.8 Spellcasting
 + Level 8.7 Conjurations
 - Level 1.1 Transmutations
 + Level 9.9 Earth Magic


You had 21 spell levels left.
You knew the following spells:

 Your Spells              Type           Power      Damage    Failure   Level
a - Sandblast             Erth           100%       2d20      1%          1
b - Passwall              Tmut/Erth      46%        N/A       1%          2
c - Stone Arrow           Conj/Erth      100%       3d13      1%          3
d - Poisonous Vapours     Pois/Air       24%        N/A       16%         2

Your spell library contained the following spells:

 Spells                   Type           Power      Damage    Failure   Level
 Animate Skeleton         Necr           24%        N/A       11%         1
 Pain                     Necr           48%        1d6       11%         1
 Petrify                  Tmut/Erth      56%        N/A       11%         4
 Ensorcelled Hibernation  Hex/Ice        24%        N/A       16%         2
 Frozen Ramparts          Ice            24%        1d4       30%         3
 Swiftness                Air            12%        N/A       30%         3
 Vampiric Draining        Necr           12%        2d6       30%         3
 Ice Form                 Ice/Tmut       15%        N/A       63%         4
 Summon Ice Beast         Ice/Summ       12%        N/A       71%         4


Dungeon Overview and Level Annotations

Branches:
Dungeon (9/15)             Temple (1/1) D:6            Lair (0/6) D:8
    Orc: D:9-12

Altars:
Ashenzari
Cheibriados
Dithmenos
Elyvilon
Fedhas
Gozag
Hepliaklqana
Kikubaaqudgha
Makhleb
Nemelex Xobeh
Okawaru
Qazlal
Ru
Sif Muna
Trog
Uskayaw
Vehumet
Wu Jian
Xom
Yredelemnul
Zin
The Shining One

Shops:
D:5 *   D:8 *


Message History

You start resting.
HP restored.
As you open the door, it creaks loudly!
You hear two shouts!
A boulder beetle and an ettin come into view.
Found four items.
The ettin shouts in stereo!
The boulder beetle barely misses you.
There is an open door here.
The boulder beetle leaps!
The boulder beetle curls into a ball and begins rolling!
Casting: Stone Arrow (safe; 1% risk of failure)
Confirm with . or Enter, or press ? or * to list all spells.
Aiming: Stone Arrow (safe; 1% risk of failure)
Press: ? - help, Shift-Dir - straight line, f - ettin
Aim: an ettin, wielding two +0 dire flails (95% to hit)
You feel a surge of power!
The stone arrow hits the ettin!!
The ettin is moderately wounded.
Casting: Stone Arrow (safe; 1% risk of failure)
Confirm with . or Enter, or press ? or * to list all spells.
Aiming: Stone Arrow (safe; 1% risk of failure)
Press: ? - help, Shift-Dir - straight line, f/p - ettin
Aim: an ettin, wielding two +0 dire flails (moderately wounded, 95% to hit)
You feel a surge of power!
The stone arrow hits the ettin!
The ettin is heavily wounded.
The ettin hits you with a +0 dire flail!!
The ettin misses you. The boulder beetle hits you!!!
Ouch! That really hurt!
* * * LOW HITPOINT WARNING * * *
The boulder beetle stops rolling and uncurls.
The boulder beetle leaps!
Casting: Stone Arrow (safe; 1% risk of failure)
Confirm with . or Enter, or press ? or * to list all spells.
Aiming: Stone Arrow (safe; 1% risk of failure)
Press: ? - help, Shift-Dir - straight line, f/p - ettin
Aim: an ettin, wielding two +0 dire flails (heavily wounded, 95% to hit)
You feel a surge of power!
The stone arrow hits the ettin!
The ettin is severely wounded.
The ettin barely misses you.
The ettin hits you with a +0 dire flail!!
You die...

#.....##.# # ########.#
# :|#...'.# #
###}}#...### #
#....#..)# # #....#..B#
# #'####...# ##
#........# #.
########## #...C@...#
#. #.<.......
#........############.
#.########
##########............
#.#
######.###....########.
#.# #..........##.# #.
#.#
#.####.######.#########
#.#########.# #.#
#.#........
#...........# #.#
#.#.#######
#############
#.######.#.....#..


You could see a boulder beetle and an ettin.

Vanquished Creatures
  A skeletal warrior (D:9)
  4 centaur zombies
  2 komodo dragons (D:8)
  Psyche (D:8)
  A slime creature (D:9)
  12 yaks
  Sigmund (D:6)
  A wyvern (D:8)
  Menkaure (D:5)
  A steam dragon (D:7)
  Duvessa (D:6)
  An ice beast (D:6)
  2 orc warriors
  2 black bears (D:8)
  A sky beast (D:8)
  2 necrophages
  An ogre (D:6)
  A centaur (D:5)
  2 phantoms
  Blork the orc (D:6)
  3 kobold brigands
  3 bullfrogs
  4 scorpions
  A wyvern skeleton (D:7)
  2 water moccasin zombies (D:5)
  Dowan (D:6)
  5 killer bees (D:8)
  10 wights (D:6)
  An electric eel (D:6)
  A bullfrog zombie (D:5)
  3 orc priests
  A gnoll shaman (D:6)
  2 hounds (D:4)
  2 jellies
  2 bullfrog skeletons
  3 orc wizards
  2 iguanas (D:5)
  A hound skeleton (D:4)
  7 gnolls
  11 adders
  A shadow imp (D:7)
  3 white imps
  An ufetubus (D:5)
  3 adder skeletons
  2 worms
  3 dart slugs
  21 orcs
  7 bats
  5 endoplasms
  11 giant cockroaches
  15 goblins
  11 hobgoblins
  11 jackals
  4 quokkas
  4 ball pythons
  A frilled lizard (D:2)
  12 kobolds
  2 rats (D:3)
221 creatures vanquished.

Vanquished Creatures (others)
  An orc wizard (D:6)
  An orc (D:7)
  15 fungi (D:8)
  29 plants
46 creatures vanquished.

Grand Total: 267 creatures vanquished

Notes
Turn   | Place    | Note
-------+----------+-------------------------------------------
     0 | D:1      | voltaire321 the Deep Elf Earth Elementalist began the quest
                  | for the Orb.
     0 | D:1      | Reached XP level 1. HP: 10/10 MP: 6/6
   294 | D:1      | Reached XP level 2. HP: 15/16 MP: 1/8
   645 | D:1      | Reached skill level 3 in Dodging
   953 | D:2      | Reached XP level 3. HP: 20/20 MP: 7/9
   953 | D:2      | Found an iron altar of Okawaru.
  1017 | D:2      | You fall into a shaft and drop 2 floors!
  1030 | D:4      | Reached skill level 1 in Fighting
  1069 | D:4      | Noticed a scorpion
  1096 | D:4      | Noticed a phantom
  1121 | D:4      | Reached XP level 4. HP: 25/25 MP: 11/11
  1320 | D:2      | Identified the +6 arbalest "Pig Vetz" {elec, Drain rPois
                  | rN+ Will++}
  1769 | D:2      | Reached XP level 5. HP: 25/27 MP: 11/13
  1959 | D:2      | Learned a level 2 spell: Passwall
  2025 | D:2      | Found a faded altar of an unknown god.
  2193 | D:3      | Learned a level 3 spell: Stone Arrow
  2220 | D:3      | Reached skill level 4 in Dodging
  2753 | D:3      | Found a hazy altar of Hepliaklqana.
  2754 | D:3      | Found an ancient bone altar of Kikubaaqudgha.
  2755 | D:3      | Found a blossoming altar of Fedhas.
  2815 | D:3      | Reached skill level 1 in Conjurations
  2815 | D:3      | Reached XP level 6. HP: 32/35 MP: 15/15
  3165 | D:4      | Reached skill level 5 in Spellcasting
  3485 | D:4      | Found a sparkling altar of Nemelex Xobeh.
  3798 | D:4      | Reached skill level 5 in Earth Magic
  3798 | D:4      | Reached XP level 7. HP: 40/40 MP: 17/17
  3834 | D:4      | Found a shadowy altar of Dithmenos.
  4125 | D:5      | Entered Level 5 of the Dungeon
  4156 | D:5      | Noticed Menkaure
  4159 | D:5      | Killed Menkaure
  4160 | D:5      | Reached skill level 5 in Dodging
  4273 | D:5      | Found a sacrificial altar of Ru.
  4299 | D:5      | Found Beuq's Assorted Antiques.
  4819 | D:5      | Reached XP level 8. HP: 40/46 MP: 19/19
  5280 | D:6      | Reached skill level 6 in Dodging
  5567 | D:6      | Reached skill level 1 in Armour
  5600 | D:6      | Reached XP level 9. HP: 52/52 MP: 19/22
  5991 | D:6      | Noticed Sigmund
  5994 | D:6      | Killed Sigmund
  6050 | D:6      | Noticed Duvessa
  6050 | D:6      | Noticed Dowan
  6056 | D:6      | Killed Duvessa
  6057 | D:6      | Reached skill level 7 in Dodging
  6057 | D:6      | Reached skill level 5 in Conjurations
  6379 | D:6      | Killed Dowan
  6567 | D:6      | Noticed Blork the orc
  6571 | D:6      | Killed Blork the orc
  6702 | D:6      | Found a staircase to the Ecumenical Temple.
  6711 | Temple   | Entered the Ecumenical Temple
  6744 | Temple   | Became a worshipper of Vehumet
  7238 | D:7      | Reached * piety under Vehumet
  7238 | D:7      | Offered knowledge of Magic Dart by Vehumet.
  7589 | D:8      | Reached skill level 5 in Fighting
  7600 | D:7      | Reached XP level 10. HP: 22/59 MP: 2/24
  7792 | D:8      | Found Dufuir Wistri's General Store.
  7809 | D:8      | Reached skill level 8 in Dodging
  7909 | D:8      | Offered knowledge of Static Discharge by Vehumet.
  7909 | D:8      | HP: 2/59 [poisoned by a killer bee]
  8192 | D:8      | Bought a scroll of identify for 26 gold pieces
  8192 | D:8      | Bought a scroll of teleportation for 39 gold pieces
  8212 | D:8      | Reached ** piety under Vehumet
  8675 | D:8      | Noticed Psyche
  8679 | D:8      | Killed Psyche
  8751 | D:8      | Reached skill level 10 in Dodging
  8751 | D:8      | Reached XP level 11. HP: 66/66 MP: 26/26
  8777 | D:8      | Found a staircase to the Lair.
  9372 | D:9      | Offered knowledge of Poisonous Vapours by Vehumet.
  9382 | D:9      | Learned a level 2 spell: Poisonous Vapours
  9411 | D:9      | Noticed a skeletal warrior
  9418 | D:9      | Killed a skeletal warrior
  9527 | D:9      | Noticed a boulder beetle
  9527 | D:9      | Noticed an ettin
  9534 | D:9      | Mangled by an ettin

Illustrated notes

Levels and vault maps discovered:
D:1:      wheals_arrival_shading, layout_basic, minmay_worlds_worst_comb
D:2:      layout_basic, basic_altar, hellmonk_ecumenical_altar_run_dry,
          bh_walls_and_bars
D:3:      layout_rooms, gammafunk_temple_overflow_forgotten,
          guppyfry_early_orc_mine
D:4:      layout_basic, lemuel_crystal_altar, grunt_dithmenos_smoke,
          serial_rivers, chequers_serial_rivers_micro_a,
          chequers_serial_rivers_micro_a, chequers_serial_rivers_micro_c,
          chequers_serial_rivers_small_a, chequers_serial_rivers_micro_d
D:5:      layout_loops_cross, nicolae_ru_sacrificial_ziggurat, serial_shops,
          kennysheep_little_box, hangedman_abyss_or_decor_stabs,
          grunt_decor_clamped, grunt_decor_resistance, uniq_menkaure
D:6:      layout_loops_corners, minmay_temple_entry_poolview,
          grunt_decor_arrowhead, grunt_ministairs_9, serial_bayou_ford_a,
          st_stairs_13, patterned_corridor, uniq_duvessa, uniq_blork_the_orc,
          uniq_sigmund
D:7:      corexii_shantytown, layout_rooms
D:8:      layout_rooms, grunt_lair_entry_orc_guard_hut, serial_shops,
          nicolae_shop_window_shopping, uniq_psyche
D:9:      minmay_shrinking_squares, layout_loops_ring, fungi_pond_lemuel,
          serial_bayou_pond_b, roderic_serpentine_path, uniq_maurice
Temple:   nicolae_temple_elliptical

Skill      XL: |  1  2  3  4  5  6  7  8  9 10 11 |
---------------+----------------------------------+-----
Dodging        | 3 4 5 6 7 10 | 10.4
Fighting       | 1 2 3 4 5 6 7 |  7.0
Earth Magic    | 4 5 6 7 9 |  9.9
Spellcasting   | 4 5 6 7 8 9 |  9.8
Conjurations   | 1 2 3 4 6 8 |  8.7
Armour         | 1 3 4 |  4.3
Crossbows      | |  0.6
Stealth        | |  2.4
Transmutations | |  1.1

Action                   |  1- 3 |  4- 6 |  7- 9 | 10-12 || total
-------------------------+-------+-------+-------+-------++-------
Melee: Short sword       |     7 |     4 |       |       ||    11
       Staff             |       |    53 |     4 |     2 ||    59
       Punch             |       |     1 |     1 |       ||     2
 Cast: Sandblast         |    45 |    79 |    19 |     9 ||   152
       Stone Arrow       |       |       |   143 |    78 ||   221
  Use: Scroll            |       |       |     4 |    13 ||    17
       Potion            |       |       |       |     5 ||     5
 Stab: Sleeping          |       |     1 |       |       ||     1
       Distracted        |       |       |       |     1 ||     1
Armor: Robe              |     5 |    10 |       |       ||    15
       Leather armour    |       |     1 |    20 |     3 ||    24
       Skin              |       |       |       |     3 ||     3
       Acid dragon scale |       |       |       |     1 ||     1
Dodge: Dodged            |    21 |    59 |    26 |    33 ||   139

Table legend: (Time is in decaauts)
 A = Elapsed time spent in this place.
 B = Non-inter-level travel time spent in this place.
 C = Inter-level travel time spent in this place.
 D = Time resting spent in this place.
 E = Time spent auto-exploring this place.
 F = Levels seen in this place.
 G = Mean time per level.
                   A        B        C        D        E       F      G
               +--------+--------+--------+--------+--------+-----+--------+
         Total |   9563 |   9178 |    385 |   2728 |   4485 |  10 |  956.3 |
       Dungeon |   9403 |   9018 |    385 |   2728 |   4350 |   9 | 1044.8 |
        Temple |    159 |    159 |      0 |      0 |    135 |   1 |  159.0 |
               +--------+--------+--------+--------+--------+-----+--------+

Top non-repeatable levels by time:
     D:6: 1564 daAuts
     D:7: 1257 daAuts
     D:4: 1159 daAuts
     D:5: 1129 daAuts
     D:2: 1055 daAuts
     D:3: 971 daAuts
     D:1: 951 daAuts
     D:8: 712 daAuts
     D:9: 601 daAuts
  Temple: 159 daAuts
